 Dungeon Crawl Stone Soup version 0.26.0-90-g5fd8617961 (webtiles) character file.

Game seed: 13034676222421596779

34 runemasterragnar the Ruffian (level 3, 0/36 HPs)
             Began as a Troll Delver on Feb 2, 2021.
             Killed by nerve-wracking pain
             ... invoked by a shadow imp
              (7 damage)
             ... on level 5 of the Dungeon.
             The game lasted 00:01:00 (102 turns).

runemasterragnar the Ruffian (Troll Delver)          Turns: 102, Time: 00:01:01

Health: 0/36       AC:  6    Str: 21    XL:     3   Next: 14%
Magic:  2/2        EV: 10    Int:  6    God:
Gold:   0          SH:  0    Dex: 11    Spells: 2/2 levels left

rFire    . . .     SeeInvis .     - Unarmed
rCold    . . .     Faith    .   (no shield)
rNeg     . . .     Spirit   .   a - +0 robe
rPois    .         Reflect  .   (helmet restricted)
rElec    .         Harm     .   (no cloak)
rCorr    .         Rampage  .   (gloves unavailable)
Will     .....                  (boots unavailable)
Stlth    ++........             (no amulet)
HPRegen  0.52/turn              (no ring)
MPRegen  0.08/turn              (no ring)

@: no status effects
A: large, unfitting armour, claws 3, regeneration 1, shaggy fur 1, tough skin 3
a: no special abilities


You were on level 5 of the Dungeon.
You visited 1 branch of the dungeon, and saw 1 of its levels.

Inventory:

Armour
 a - a +0 robe (worn)
Wands
 f - a wand of digging (2)
Scrolls
 b - a scroll of fog
Potions
 e - a potion of haste


   Skills:
 + Level 2.7 Fighting
 + Level 2.0 Dodging
 - Level 2.7 Stealth
 * Level 2.9 Unarmed Combat


You had 2 spell levels left.
You didn't know any spells.
Your spell library was empty.

Dungeon Overview and Level Annotations

Branches:
Dungeon (5/15)
 Temple: D:4-7

Altars:
Yredelemnul


Innate Abilities, Weirdness & Mutations

You are too large for most types of armour.
You have claws for hands.
Your natural rate of healing is unusually fast.
You are covered in fur. (AC +1)
You have extremely tough skin. (AC +3)


Message History

* * * LOW HITPOINT WARNING * * *
As you read the scroll of fear, it crumbles to dust.
You assume a fearsome visage.
The shadow imp is unaffected.
The ice beast looks frightened!
The orc wizard looks frightened!
The orc looks frightened! x2; The orc priest looks frightened!
The orc looks frightened!
The shadow imp closely misses you.
The orc wizard casts a spell at itself.
The orc wizard flickers and vanishes!
Deactivating autopickup; reactivate with Ctrl-A.
Found 4 gold pieces.
Unknown command.
The shadow imp completely misses you.
Found 12 gold pieces.
Found a basalt altar of Yredelemnul.
Found a stone staircase leading up.
Found a stone staircase leading up.
Unknown command.
The shadow imp summons a swarm of flies.
The shadow imp gestures at you. Pain shoots through your body!
You die...

,*##...................,,,,,,,,,,
,,*#....................,,,,,,,,,
,,,#....................,,,,,,,,,
*,,#....................,,,,,,,,,
,,,#....................,,,,,,,,,
,,*#....................,,,,,,,,,
***#...................(,,,,,,,,,
***#..........5......<^.,,,,,,,,,
,,.............>@.......,,,,,,,,,
,,......................,,,,,,,,,
,,,,.#..P.P.......$.....,,,,,,,,,
,,,,,...._.........$....,,,,,,,,*
,,,,,,..P.P.....<.o....(,,,,,,,**
*,,,,,,..............o..,,,,,,**
*,,,,,,,................,,,,,**
*,,,,,,,,...#.#######.##******
*,,,,,,,,,,,*,* *,*


You could see a shadow imp and 2 orcs.

Vanquished Creatures
  A worker ant (D:5)
  An adder (D:5)
  An orc (D:5)
3 creatures vanquished.

Notes
Turn   | Place    | Note
-------+----------+-------------------------------------------
     0 | D:5      | runemasterragnar the Troll Delver began the quest for the
                  | Orb.
     0 | D:5      | Reached XP level 1. HP: 22/22 MP: 0/0
    14 | D:5      | Noticed a worker ant
    32 | D:5      | Killed a worker ant
    33 | D:5      | Reached XP level 2. HP: 21/29 MP: 1/1
    51 | D:5      | Reached XP level 3. HP: 25/36 MP: 2/2
    89 | D:5      | Noticed an ice beast
    98 | D:5      | Found a basalt altar of Yredelemnul.
   102 | D:5      | Killed from afar by a shadow imp

Illustrated notes

Levels and vault maps discovered:
D:5:      minmay_octagon_keep, layout_basic, yredelemnul_altar_generic

Skill      XL: |  1  2 |
---------------+-------+-----
Dodging        | 2 |  2.0
Fighting       | |  2.7
Stealth        | |  2.7
Unarmed Combat | |  2.9

Action                   || total
-------------------------++-------
Melee: Unarmed           ||    26
Evoke: Wand              ||     1
  Use: Scroll            ||     2
Armor: Robe              ||     8
Dodge: Dodged            ||    17
